 Dungeon Crawl Stone Soup version 0.26.0-3-g156281e41b (webtiles) character file.

Game seed: 11638839197332711591

66 Destapler the Grasshopper (level 3, 0/32 HPs)
             Began as a Palentonga Warper on Jan 9, 2021.
             Splashed by Ijyb's acid (16 damage)
             ... on level 3 of the Dungeon.
             The game lasted 00:04:16 (1774 turns).

Destapler the Grasshopper (Palentonga Warper)       Turns: 1774, Time: 00:04:16

Health: 0/32       AC:  7    Str: 14    XL:     3   Next: 96%
Magic:  6/6        EV:  9    Int: 13    God:
Gold:   160        SH:  0    Dex: 10    Spells: 6/6 levels left

rFire    . . .     SeeInvis +   a - +0 hand axe
rCold    . . .     Faith    .   (no shield)
rNeg     . . .     Spirit   .   b - +0 leather armour
rPois    +         Reflect  .   (no helmet)
rElec    .         Harm     .   j - +1 cloak
rCorr    .         Rampage  .   k - +0 pair of gloves
Will     .....                  (no barding)
Stlth    +.........             (no amulet)
HPRegen  0.10/turn              g - ring of poison resistance
MPRegen  0.10/turn              (no ring)

@: no status effects
A: large, rugged brown scales 3, see invisible, deformed body, roll 1, armoured
tail
a: Rolling Charge


You were on level 3 of the Dungeon.
You visited 1 branch of the dungeon, and saw 3 of its levels.

You collected 160 gold pieces.

Inventory:

Hand Weapons
 a - a +0 hand axe (weapon)
Missiles
 e - 3 boomerangs of dispersal
 m - 6 javelins
Armour
 b - a +0 leather armour (worn)
 j - a +1 cloak (worn)
 k - a +0 pair of gloves (worn)
Jewellery
 g - a ring of poison resistance (left hand)
Scrolls
 c - a scroll of fear {unknown}
 d - a scroll of blinking
 f - 3 scrolls of teleportation {unknown}
 h - 4 scrolls of identify {unknown}
 i - a scroll of noise {unknown}
 l - a scroll of amnesia {unknown}
 o - a scroll of remove curse {unknown}
 p - a scroll of magic mapping {unknown}
Potions
 n - a potion of heal wounds {unknown}


   Skills:
 + Level 2.5 Fighting
 + Level 2.4 Axes
 + Level 1.0 Throwing
 + Level 1.4 Armour
 + Level 1.9 Dodging
 + Level 2.3 Spellcasting
 + Level 3.2 Translocations


You had 6 spell levels left.
You didn't know any spells.
Your spell library contained the following spells:

 Spells                   Type           Power        Failure   Level
 Blink                    Tloc           N/A          12%         2
 Gell's Gravitas          Tloc           5%           24%         3
 Lesser Beckoning         Tloc           5%           24%         3
 Teleport Other           Tloc           10%          24%         3
 Passage of Golubria      Tloc           N/A          61%         4


Dungeon Overview and Level Annotations

Branches:
Dungeon (3/15)

Altars:
Vehumet

Annotations:
D:3 Ijyb


Innate Abilities, Weirdness & Mutations

You are completely covered in rugged brown scales. (AC +3, +7% HP)
You have supernaturally acute eyesight. (SInv)
Armour fits poorly on your strangely shaped body.
You can roll at nearby foes to attack.
You have a long armoured tail.


Message History

The frilled lizard is heavily wounded.
The frilled lizard barely misses you.
You hit the frilled lizard.
You kill the frilled lizard!
p - a scroll labelled QYUCAP WUASYHI
Found a stone staircase leading up.
A bat comes into view.
There's nothing you can charge at!
You closely miss the bat. The bat hits you but does no damage. x2
There's nothing you can charge at!
You hit the bat.
You kill the bat!
You now have 160 gold pieces (gained 11).
Ijyb the Twisted Goblin comes into view.
She is wielding a +0 club and carrying a wand of acid (11).
Ijyb shouts!
Ijyb zaps a wand.
The bolt of acid hits you!
Ouch! That really hurt!
You are splashed with acid!
Ouch! That really hurt!
You die...

#......###.###
#...#.## #.
#...#.# #
##.##.#
#.....#
#..#### #..#
#..# #@.#
.........#
#######.## #.#
#.# #g. ...
#..


You could see Ijyb.

Vanquished Creatures
  4 adders (D:2)
  A worm (D:2)
  A dart slug (D:2)
  2 goblins
  2 hobgoblins (D:1)
  5 kobolds
  A quokka (D:2)
  5 bats
  2 frilled lizards
  5 rats (D:1)
28 creatures vanquished.

Notes
Turn   | Place    | Note
-------+----------+-------------------------------------------
     0 | D:1      | Destapler the Palentonga Warper began the quest for the
                  | Orb.
     0 | D:1      | Reached XP level 1. HP: 18/18 MP: 3/3
   481 | D:1      | Reached skill level 1 in Armour
   481 | D:1      | Reached XP level 2. HP: 25/25 MP: 5/5
   845 | D:2      | Reached XP level 3. HP: 26/31 MP: 6/6
   901 | D:2      | Reached skill level 1 in Throwing
  1509 | D:2      | Found a radiant altar of Vehumet.
  1773 | D:3      | Noticed Ijyb
  1774 | D:3      | Splashed by Ijyb's acid

Illustrated notes

Levels and vault maps discovered:
D:1:      lightli_arrival_statuegarden, layout_basic, minivault_27,
          corexii_corridor_pit
D:2:      layout_loops_corners, nicolae_overflow_crystal_walls
D:3:      minmay_angry_zag, layout_loops_ring, minmay_quantized, uniq_sigmund,
          uniq_ijyb

Skill      XL: |  1  2  3 |
---------------+----------+-----
Armour         | 1 |  1.4
Throwing       | 1 |  1.0
Fighting       | |  2.5
Axes           | |  2.4
Dodging        | |  1.9
Spellcasting   | |  2.3
Translocations | |  3.2

Action                   || total
-------------------------++-------
Melee: Hand axe          ||    73
       Tailslap          ||    11
Throw: Boomerang         ||     2
 Abil: Rolling Charge    ||    21
Armor: Leather armour    ||    26
Dodge: Dodged            ||    38
